Map: [ESL] Royal Blood

Players

MaxPax

  • Race: Protoss Protoss
  • Spawn Location: 1:00

Clem - Winner!

  • Race: Terran Terran
  • Spawn Location: 7:00

Event: ESL SC2 Masters 2023 Summer (Regionals)

VOD

Have the link to the VOD?

Description

Time

  • Played on: May 7, 2023, 1:46 p.m.
  • Length: 8:16

All games in this series

Show
View Real Time Build Order
Export as new Build Order

MaxPax Protoss 

Build Orders: 1 Gate Expand, Oracle Opening, Phoenix Opening 

Get SALT Encoding   

  12  0:00  Probe  
  13  0:12  Probe  
  14  0:18  Pylon  
  14  0:24  Probe (Chrono Boost)  
  15  0:37  Probe (Chrono Boost), Gateway  
  16  0:44  Probe (Chrono Boost)  
  16  0:46  Assimilator  
  17  0:51  Probe  
  18  1:03  Probe  
  19  1:15  Probe  
  20  1:23  Cybernetics Core  
  20  1:32  Nexus  
  20  1:34  Probe  
  21  1:41  Pylon  
  21  1:46  Probe  
  22  1:51  Assimilator  
  21  1:56  Adept (Chrono Boost)  
  21  1:58  Probe  
  24  2:10  Probe  
  25  2:16  Adept (Chrono Boost)  
  27  2:23  Probe  
  27  2:28  Stargate  
  28  2:36  Probe (Chrono Boost)  
  29  2:37  Warp Gate  
  29  2:43  Probe (Chrono Boost)  
  30  2:48  Gateway  
  31  2:52  Probe (Chrono Boost)  
  31  2:53  Probe (Chrono Boost)  
  31  2:58  Probe (Chrono Boost)  
  32  2:59  Probe  
  34  3:10  Probe, Oracle (Chrono Boost)  
  34  3:11  Probe  
  39  3:22  Probe, Gateway  
  39  3:23  Probe  
  41  3:29  Twilight Council  
  42  3:34  Probe  
  42  3:35  Probe, Pylon  
  43  3:46  Probe  
  43  3:47  Probe  
  45  3:57  Nexus  
  45  3:58  Probe  
  45  3:59  Phoenix (Chrono Boost)  
  48  4:05  Probe  
  48  4:07  Shield Battery  
  49  4:14  Probe  
  46  4:23  Probe  
  42  4:26  Probe  
  42  4:29  Charge (Chrono Boost)  
  38  4:32  Phoenix  
  38  4:35  Probe  
  38  4:38  Probe  
  41  4:47  Probe (Chrono Boost)  
  41  4:52  Twilight Council  
  43  4:56  Probe (Chrono Boost)  
  43  4:58  Probe (Chrono Boost)  
  44  5:01  Phoenix  
  44  5:04  Probe x2 (Chrono Boost)  
  48  5:09  Probe (Chrono Boost)  
  50  5:18  Forge  
  50  5:19  Probe x3 (Chrono Boost)  
  52  5:21  Gateway  
  52  5:24  Gateway  
  52  5:25  Probe (Chrono Boost)  
  54  5:32  Probe (Chrono Boost)  
  54  5:34  Probe (Chrono Boost), Pylon  
  54  5:35  Probe (Chrono Boost)  
  56  5:39  Probe (Chrono Boost)  
  56  5:41  Phoenix, Probe  
  56  5:42  Probe  
  60  5:48  Sentry, Gateway, Protoss Ground Weapons Level 1 (Chrono Boost)  
  63  5:52  Probe  
  63  5:55  Probe  
  63  5:56  Probe  
  66  6:04  Probe, Gateway  
  67  6:05  Pylon  
  67  6:07  Probe  
  67  6:08  Probe  
  69  6:16  Gateway  
  69  6:17  Pylon  
  69  6:18  Zealot  
  72  6:19  Sentry  
  72  6:24  Zealot x2  
  72  6:25  Zealot  
  80  6:28  Shield Battery  
  80  6:29  Probe  
  80  6:30  Probe  
  80  6:31  Probe  
  84  6:41  Pylon  
  84  6:43  Zealot  
  84  6:44  Pylon, Zealot  
  84  6:45  Zealot  
  84  6:46  Zealot x2  
  92  6:53  Probe  
  93  6:56  Pylon  
  93  6:59  Probe  
  93  7:00  Pylon  
  94  7:03  Pylon  
  94  7:08  Pylon  
  94  7:12  Zealot x6  
  106  7:18  Zealot  
  92  7:32  Zealot x7  
  106  7:37  Gateway  
  106  7:39  Gateway  
  106  7:43  Probe  
  82  7:52  Zealot x7  
Show
View Real Time Build Order
Export as new Build Order

Clem Terran - Winner!

Build Orders:  

Get SALT Encoding   

  12  0:00  SCV  
  13  0:12  SCV  
  14  0:16  Supply Depot  
  14  0:24  SCV  
  15  0:38  SCV  
  15  0:39  Barracks  
  16  0:43  Refinery  
  16  0:50  SCV  
  17  1:02  SCV  
  18  1:14  SCV  
  19  1:26  Orbital Command, Marine  
  20  1:38  Command Center  
  20  1:49  Factory  
  20  1:53  SCV  
  21  2:04  Barracks Reactor  
  21  2:05  SCV  
  21  2:07  Bunker  
  22  2:12  Supply Depot  
  22  2:17  SCV  
  22  2:20  Refinery  
  23  2:33  SCV  
  23  2:35  Hellion  
  26  2:40  Marine x2  
  28  2:44  Starport  
  29  2:52  Orbital Command  
  29  2:54  SCV  
  29  3:00  Hellion  
  29  3:02  Marine  
  32  3:06  Marine  
  32  3:09  SCV  
  34  3:18  SCV  
  35  3:20  Medivac  
  35  3:21  SCV  
  35  3:24  Hellion  
  40  3:29  Marine, Supply Depot  
  40  3:33  Marine  
  42  3:34  SCV  
  42  3:36  SCV  
  44  3:46  SCV, Factory Tech Lab  
  45  3:48  SCV  
  45  3:51  Marine x2  
  48  3:57  Supply Depot  
  48  3:58  SCV  
  48  4:00  SCV  
  50  4:06  Cyclone  
  53  4:10  SCV  
  53  4:12  Supply Depot  
  54  4:18  Marine x2  
  54  4:22  Barracks, SCV  
  57  4:31  SCV  
  56  4:34  Barracks, SCV  
  56  4:36  Marine x2  
  55  4:40  Siege Tank, Supply Depot  
  55  4:43  SCV  
  55  4:45  Engineering Bay  
  57  4:49  Refinery  
  57  4:50  SCV, Starport Reactor  
  58  4:54  Marine x2  
  58  4:55  SCV  
  61  5:02  SCV  
  61  5:04  Supply Depot  
  61  5:05  Refinery  
  62  5:07  SCV  
  62  5:13  Terran Infantry Weapons Level 1  
  63  5:14  SCV  
  63  5:15  Marine x2  
  63  5:17  Factory Tech Lab  
  63  5:19  SCV  
  63  5:20  Supply Depot  
  67  5:24  Stimpack  
  67  5:25  Marauder  
  67  5:26  SCV  
  70  5:32  Supply Depot  
  70  5:33  SCV  
  70  5:34  Marine x2  
  73  5:40  Marauder, Combat Shield  
  73  5:41  Factory Reactor  
  73  5:42  SCV  
  76  5:43  Supply Depot  
  76  5:46  Marauder, Medivac x2  
  76  5:48  SCV  
  83  5:52  Marine x2  
  85  6:03  Command Center  
  85  6:07  Marine x2  
  85  6:08  Supply Depot  
  85  6:10  Marine x2  
  85  6:11  SCV x2  
  91  6:16  Missile Turret  
  93  6:18  Widow Mine  
  93  6:19  Widow Mine  
  93  6:23  Medivac x2  
  93  6:25  Marine  
  100  6:29  Marine  
  100  6:30  Supply Depot  
  101  6:35  SCV x2  
  101  6:38  Marine, Marauder  
  106  6:41  Widow Mine  
  106  6:42  Widow Mine  
  106  6:45  Marauder  
  112  6:47  Marine  
  113  6:54  Supply Depot  
  113  6:55  Barracks  
  113  6:57  Barracks  
  113  7:03  Marine, Medivac x2  
  118  7:11  Marine, Ghost Academy  
  118  7:12  Widow Mine  
  118  7:13  Widow Mine  
  123  7:17  Supply Depot  
  123  7:19  Orbital Command  
  123  7:22  Marine x2  
  123  7:28  Marauder  
  120  7:31  Marine  
  120  7:32  Supply Depot  
  120  7:33  SCV  
  122  7:43  Orbital Command  
  121  7:44  Widow Mine x2  
  121  7:46  Barracks Reactor  
  121  7:47  Marine  
  119  7:53  Marine, Barracks Tech Lab  
  119  7:56  Marine  
Tags
 
Add a new tag
Caveats
  • Supply blocks, unpowered buildings, or Contaminate may cause inaccurate times.
  • Supply counts are checked every 10 seconds.